 Dungeon Crawl Stone Soup version 0.29.0-7-g18a832c13a (webtiles) character file.

Game seed: 16026612200066051695

103415 greasedhog the Bludgeoner (level 16, -8/159 HPs)
             Began as a Gargoyle Berserker on Aug 31, 2022.
             Was a High Priest of Trog.
             Killed from afar by a frost giant (23 damage)
             ... with a bolt of cold
             ... on level 14 of the Dungeon.
             The game lasted 00:42:48 (30572 turns).

greasedhog the Bludgeoner (Gargoyle Berserker)     Turns: 30572, Time: 00:42:48

Health: -8/159     AC: 38    Str: 24    XL:     16   Next: 35%
Magic:  16/16      EV: 12    Int: 11    God:    Trog [*****.]
Gold:   991        SH:  0    Dex: 11    Spells: 15/15 levels left

rFire   + . .      SeeInvis .   N - +9 great mace (drain)
rCold   . . .      Faith    .   (shield currently unavailable)
rNeg    + . .      Spirit   .   K - +4 chain mail {rF+}
rPois   ∞          Reflect  .   D - +0 helmet
rElec   +          Harm     .   (no cloak)
rCorr   +          Rampage  .   d - +1 pair of gloves
Will    +....                   L - +1 pair of boots
Stlth   ..........              (no amulet)
HPRegen 0.36/turn               T - ring of resist corrosion
MPRegen 0.15/turn               P - +4 ring of protection

@: berserking, flying, very quick
A: sickness immunity, AC +12, big wings, negative energy resistance 1,
electricity resistance, torment resistance 1, petrification resistance
a: Renounce Religion, Berserk, Trog's Hand, Brothers in Arms


You were on level 14 of the Dungeon.
You worshipped Trog.
Trog was extremely pleased with you.
You visited 4 branches of the dungeon, and saw 22 of its levels.

You collected 2224 gold pieces.
You spent 1233 gold pieces at shops.

Inventory:

Hand Weapons
 k - a +3 antimagic flail
 N - a +9 great mace of draining (weapon)
 S - a +3 dire flail of flaming
Armour
 d - a +1 pair of gloves (worn)
 C - +0 fire dragon scales
 D - a +0 helmet (worn)
 K - a +4 chain mail of fire resistance (worn)
 L - a +1 pair of boots (worn)
Jewellery
 o - the ring "Perghake" {rElec rPois Dex+6 Stlth+}
   (You found it on level 5 of the Lair of Beasts)

   [ring of dexterity]

   Dex:       It affects your dexterity (+6).
   rElec:     It insulates you from electricity.
   rPois:     It protects you from poison.
   Stlth:     It makes you more stealthy.
 P - a +4 ring of protection (right hand)
 Q - the ring of Maqo {Int+6 SInv}
   (You found it on level 2 of the Lair of Beasts)

   [ring of intelligence]

   Int:       It affects your intelligence (+6).
   SInv:      It lets you see invisible.
 T - a ring of resist corrosion (left hand)
Wands
 b - a wand of roots (24)
 s - a wand of paralysis (14)
 t - a wand of acid (7)
 y - a wand of flame (42)
 A - a wand of polymorph (25)
Scrolls
 c - 2 scrolls of blinking
 f - 2 scrolls of torment
 g - 6 scrolls of poison
 h - 3 scrolls of magic mapping
 i - 2 scrolls of silence
 m - a scroll of fear
 n - 3 scrolls of enchant weapon
 p - a scroll of brand weapon
 u - 9 scrolls of teleportation
 v - a scroll of vulnerability
 w - a scroll of summoning
 B - 4 scrolls of butterflies
 F - 2 scrolls of enchant armour
Potions
 a - 7 potions of mutation
 e - 2 potions of ambrosia
 j - 7 potions of curing
 l - a potion of berserk rage {unknown}
 q - a potion of heal wounds
 r - a potion of might
 z - a potion of resistance {unknown}
 G - 2 potions of haste
 H - a potion of magic {unknown}
 I - a potion of invisibility {unknown}
 J - a potion of degeneration {unknown}
 M - 3 potions of attraction
 O - 4 potions of lignification
 R - a potion of cancellation {unknown}


   Skills:
 * Level 14.2 Fighting
 * Level 19.0 Maces & Flails
 - Level 10.0 Armour
 - Level 10.1 Dodging
 - Level 10.0 Evocations


You had 15 spell levels left.
You didn't know any spells.
Your spell library was empty.

Dungeon Overview and Level Annotations

Branches:
Dungeon (14/15) Temple (1/1) D:5 Lair (5/5) D:9 Shoals (0/4) Lair:3 Spider (0/4) Lair:2 Slime (0/5) Lair:4 Orc (2/2) D:11 Elf (0/3) Orc:2 Vaults (0/5) D:13 D:14

Altars:
Ashenzari
Cheibriados
Dithmenos
Elyvilon
Fedhas
Gozag
Hepliaklqana
Kikubaaqudgha
Makhleb
Okawaru
Qazlal
Ru
Uskayaw
Vehumet
Wu Jian
Xom
Yredelemnul
Zin
The Shining One
Jiyva

Shops:
D:3 ?[=   D:11 (   Orc:1 (   Orc:2 [*[!?


Innate Abilities, Weirdness & Mutations

You are immune to sickness and miasma.
Your stone body is resilient. (AC +12)
You are immune to poison.
Your large and strong wings let you fly.
You resist negative energy. (rN+)
You are resistant to electric shocks. (rElec)
You are resistant to unholy torment.
You are immune to petrification.


Message History

Aim: an acid dragon (wandering, hasn't noticed you, chance to affect: 71%)
The acid dragon roars!
The acid dragon suddenly stops moving!
Unknown command.
The helpless acid dragon fails to defend itself.
You bludgeon the acid dragon!! You drain the acid dragon!
You kill the acid dragon!
Trog accepts your kill.
You see here an acid dragon corpse.
You start resting.
You start resting.
A frost giant is nearby!
The frost giant shouts!
You hit the frost giant. You drain the frost giant.
The frost giant is lightly wounded.
The frost giant casts a spell at you. The bolt of cold hits you!!
You thump the frost giant!
The frost giant is lightly wounded.
The frost giant hits you with a +2 battleaxe of freezing!!
The frost giant freezes you.
You thump the frost giant! You drain the frost giant.
The frost giant is moderately wounded.
The frost giant hits you with a +2 battleaxe of freezing!!
* * * LOW HITPOINT WARNING * * *
The frost giant freezes you.
* * * LOW HITPOINT WARNING * * *
A red film seems to cover your vision as you go berserk!
You feel yourself moving faster!
You feel mighty!
The frost giant hits you with a +2 battleaxe of freezing.
* * * LOW HITPOINT WARNING * * *
The frost giant freezes you.
* * * LOW HITPOINT WARNING * * *
You hit the frost giant.
The frost giant is moderately wounded.
You bludgeon the frost giant!!
The frost giant is heavily wounded.
The frost giant casts a spell at you. The bolt of cold hits you!!
You die...

...# #.####.......[.............
##.####.....#.......##.....###...
#...)..###..###.#####.....###...
##....#....#.....### #....[##....
#..##.####.........# ###.#.#.....
#..##.## #.........## ##.#...#...
#..##..# #.......>..###....##....
#...:..###...........##.....)....
#.####..........@..†..........).#
#.# #.........C...###.....###))#
#.# ####............#.........#.
#.# #....^.....#.##..#...#... ..#
##..[......)#.....###).... .##
##...######.......## #..... .#
###..#...# ##)#....## ###... ##
##...####.# #.#.#...### #.#. ##
#..### #.# ##...#.....###...


You could see a frost giant (drained).

Vanquished Creatures
  Rupert (D:14)
  Gastronok (D:9)
  A sphinx (D:14)
  A storm dragon (D:14)
  2 fire giants (D:14)
  A frost giant (D:14)
  A vampire knight (D:14)
  The ghost of browni3141 the Grappler, a journeyman TrCA of Hepliaklqana (Orc:2)
  Nessos (D:14)
  Josephine (Lair:5)
  A deep elf high priest (D:12)
  An ettin (D:12)
  2 fire dragons
  A yaktaur captain (D:14)
  A rakshasa (D:11)
  6 boulder beetles
  Erolcha (D:11)
  5 centaur warriors
  12 hydras
  An ogre mage (D:14)
  6 two-headed ogres
  3 tengu warriors
  4 catoblepae
  5 death yaks (Lair:5)
  Urug (Lair:5)
  A deep elf archer (D:14)
  A lindwurm (Lair:5)
  4 orc knights
  A deep elf pyromancer (D:12)
  5 orc sorcerers (Orc:2)
  8 ugly things
  3 cyclopes
  6 manticores
  Joseph (D:9)
  25 elephants
  2 black mambas
  4 cane toads
  3 gargoyles
  3 rime drakes
  A yaktaur (D:14)
  10 komodo dragons
  9 trolls
  A queen bee (shapeshifter) (D:14)
  2 hornets (D:9)
  2 polar bears
  4 dream sheep (Lair:5)
  Grinder (D:6)
  13 slime creatures
  2 centaur simulacra (D:13)
  Sigmund (D:3)
  4 wyverns
  2 vampires
  A shadow (D:11)
  Eustachio (D:6)
  7 wraiths
  16 humans (D:14)
  5 basilisks
  3 redbacks (Lair:2)
  64 yaks
  A steam dragon (D:9)
  17 vampire mosquitoes
  Menkaure (D:6)
  13 wargs
  5 acid dragons
  13 water moccasins
  Duvessa (D:7)
  14 orc warriors
  A meliai simulacrum (D:13)
  3 ice beasts
  3 black bears (D:6)
  9 ogres
  14 wolves
  13 centaurs
  Blork the orc (D:6)
  A kobold brigand (D:10)
  8 bullfrogs
  3 gnoll sergeants
  5 necrophages
  2 scorpions (D:5)
  7 wights (D:9)
  Dowan (D:7)
  A howler monkey (shapeshifter) (D:13)
  5 howler monkeys
  A centaur zombie (D:9)
  18 orc priests
  A gnoll bouda (D:6)
  8 hounds
  6 jellies
  44 orc wizards
  5 iguanas
  4 hell rats (Lair:5)
  A howler monkey zombie (D:9)
  25 gnolls
  7 adders
  2 shadow imps
  A white imp (D:5)
  6 ufetubi
  2 worms
  5 dart slugs
  72 orcs
  2 ball pythons
  4 endoplasms
  3 giant cockroaches
  6 goblins
  12 hobgoblins
  2 jackals (D:1)
  7 kobolds
  3 quokkas
  6 bats
  5 frilled lizards
  5 rats
682 creatures vanquished.

Vanquished Creatures (others)
  A gnoll sergeant (D:6)
  An orc wizard (Orc:2)
  A gnoll (D:3)
  3 orcs (Orc:2)
  23 fungi
  29 plants
58 creatures vanquished.

Grand Total: 740 creatures vanquished

Notes
Turn   | Place    | Note
-------+----------+-------------------------------------------
     0 | D:1      | greasedhog the Gargoyle Berserker began the quest for the
                  | Orb.
     0 | D:1      | Reached XP level 1. HP: 14/14 MP: 1/1
   214 | D:1      | Reached XP level 2. HP: 4/19 MP: 2/2
   716 | D:1      | Reached XP level 3. HP: 24/24 MP: 3/3
  1533 | D:2      | Reached XP level 4. HP: 27/30 MP: 4/4
  1535 | D:2      | Reached skill level 4 in Maces & Flails
  1648 | D:3      | Reached ** piety under Trog
  1668 | D:3      | Found a radiant altar of Vehumet.
  1794 | D:3      | Found a stormy altar of Qazlal.
  1796 | D:3      | Noticed Sigmund
  1846 | D:3      | Killed Sigmund
  1847 | D:3      | Reached skill level 5 in Fighting
  1847 | D:3      | Reached skill level 5 in Maces & Flails
  1847 | D:3      | Reached XP level 5. HP: 17/36 MP: 5/5
  1847 | D:3      | Reached XP level 6. HP: 19/40 MP: 6/6
  2100 | D:3      | Found Qoysoriz's Magic Scroll Shoppe.
  2108 | D:3      | Bought a scroll of identify for 26 gold pieces
  2313 | D:3      | Found a broken altar of Ashenzari.
  2362 | D:3      | Found Ysovybud's Antique Armour Shoppe.
  2433 | D:3      | Found an ornate altar of the Wu Jian Council.
  2587 | D:3      | Found Hudghatugea's Jewellery Shoppe.
  2962 | D:4      | Reached XP level 7. HP: 33/44 MP: 7/7
  3317 | D:4      | Reached skill level 6 in Maces & Flails
  4029 | D:4      | Found a large runed translucent door.
  4030 | D:4      | Found a large runed translucent door.
  4047 | D:4      | Found a shadowy altar of Dithmenos.
  4056 | D:4      | Found a blossoming altar of Fedhas.
  4097 | D:5      | Entered Level 5 of the Dungeon
  4135 | D:5      | Reached skill level 5 in Armour
  4374 | D:5      | Found a staircase to the Ecumenical Temple.
  4399 | Temple   | Entered the Ecumenical Temple
  4535 | D:5      | Reached XP level 8. HP: 34/50 MP: 8/8
  4538 | D:5      | Reached *** piety under Trog
  4764 | D:5      | Reached skill level 1 in Evocations
  4769 | D:5      | Identified the +6 mace of Broken Luck {flame, Fragile rN+
                  | Dex+2 SInv}
  4825 | D:5      | Reached skill level 7 in Maces & Flails
  5034 | D:6      | Noticed Blork the orc
  5041 | D:6      | Killed Blork the orc
  5128 | D:6      | Noticed Menkaure
  5138 | D:6      | Killed Menkaure
  5279 | D:6      | Noticed Grinder
  5281 | D:6      | Paralysed by Grinder for 5 turns
  5289 | D:6      | Killed Grinder
  5356 | D:6      | Noticed Eustachio
  5373 | D:6      | Killed Eustachio
  5380 | D:6      | Reached XP level 9. HP: 45/54 MP: 9/9
  5380 | D:6      | You fall into a shaft and drop 2 floors!
  5387 | D:7      | Noticed Duvessa
  5387 | D:7      | Noticed Dowan
  5400 | D:7      | Killed Duvessa
  5401 | D:7      | Reached skill level 8 in Maces & Flails
  5405 | D:7      | Killed Dowan
  6452 | D:6      | Found a shimmering altar of Xom.
  6995 | D:7      | Found a sacrificial altar of Ru.
  7106 | D:8      | Noticed a two-headed ogre
  7111 | D:8      | Found a hazy altar of Hepliaklqana.
  7113 | D:8      | Killed a two-headed ogre
  7114 | D:8      | Reached skill level 9 in Maces & Flails
  7114 | D:8      | Reached skill level 5 in Dodging
  7114 | D:8      | Reached skill level 5 in Evocations
  7114 | D:8      | Reached XP level 10. HP: 60/60 MP: 10/10
  7191 | D:8      | Identified the +0 robe "Nudwaffe" {*Corrode rC+ Regen+
                  | Int+2}
  7411 | D:8      | Identified the +1 ring mail of Tan Kut {Str+2 Int+4 SInv}
  7809 | D:9      | Found the +4 robe of Folly {Brilliance Will-∞ Int+8}
  7839 | D:9      | Noticed Gastronok
  7852 | D:9      | Killed Gastronok
  7900 | D:9      | Noticed a two-headed ogre
  7915 | D:9      | Killed a two-headed ogre
  7916 | D:9      | Reached skill level 10 in Maces & Flails
  8019 | D:9      | Reached XP level 11. HP: 45/68 MP: 11/11
  8158 | D:9      | Found a staircase to the Lair.
  8193 | D:9      | Noticed Joseph
  8213 | D:9      | Killed Joseph
  8267 | D:9      | Found a basalt altar of Yredelemnul.
  8386 | D:9      | Noticed a two-headed ogre
  8392 | D:9      | Killed a two-headed ogre
  8535 | D:9      | Reached skill level 11 in Maces & Flails
  8670 | D:9      | Reached **** piety under Trog
  8830 | D:10     | Entered Level 10 of the Dungeon
  9642 | D:10     | Identified the +1 arbalest "Durugain" {venom, Int+4 Dex+4
                  | SInv}
  9825 | D:10     | Noticed a centaur warrior
  9836 | D:10     | Killed a centaur warrior
 10315 | D:11     | Noticed a boulder beetle
 10382 | D:11     | Killed a boulder beetle
 10472 | D:11     | Reached skill level 10 in Fighting
 10537 | D:11     | Reached XP level 12. HP: 77/77 MP: 12/12
 10550 | D:11     | Noticed a four-headed hydra
 10619 | D:11     | Killed a four-headed hydra
 10620 | D:11     | Reached skill level 12 in Maces & Flails
 10638 | D:11     | Found a staircase to the Orcish Mines.
 10641 | D:11     | Noticed a boulder beetle
 10656 | D:11     | Killed a boulder beetle
 10687 | D:11     | Noticed Erolcha
 10702 | D:11     | Killed Erolcha
 11363 | D:11     | Noticed a rakshasa
 11387 | D:11     | Killed a rakshasa
 11779 | D:11     | Found Vepufomp's Weapon Boutique.
 11788 | D:11     | Bought a +6 great mace of draining for 568 gold pieces
 12238 | Orc:1    | Entered Level 1 of the Orcish Mines
 12310 | Orc:1    | Found Gonguxt's Weapon Emporium.
 12411 | Orc:1    | Reached skill level 10 in Evocations
 12736 | Orc:1    | Reached skill level 13 in Maces & Flails
 12911 | Orc:1    | You are sucked into a shaft and drop 1 floor!
 12911 | Orc:2    | Entered Level 2 of the Orcish Mines
 12937 | Orc:2    | Reached ***** piety under Trog
 13170 | Orc:2    | Found a runed translucent gate.
 13170 | Orc:2    | Found a runed translucent gate.
 13170 | Orc:2    | Noticed browni3141's ghost (journeyman TrCA)
 13171 | Orc:2    | Found a runed translucent gate.
 13218 | Orc:2    | Found a staircase to the Elven Halls.
 13470 | Orc:2    | Found Cigufien's Magic Scroll Boutique.
 13478 | Orc:2    | Bought a scroll of identify for 34 gold pieces
 13478 | Orc:2    | Bought a scroll of teleportation for 51 gold pieces
 13478 | Orc:2    | Bought a scroll of identify for 34 gold pieces
 13478 | Orc:2    | Bought 2 scrolls of enchant weapon for 255 gold pieces
 13478 | Orc:2    | Bought a scroll of teleportation for 51 gold pieces
 13478 | Orc:2    | Bought a scroll of identify for 34 gold pieces
 13508 | Orc:2    | Received a gift from Trog
 13557 | Orc:2    | Reached XP level 13. HP: 37/81 MP: 13/13
 14114 | Orc:2    | Found Uzoite's General Store.
 14139 | Orc:2    | Bought a scroll of blinking for 90 gold pieces
 14143 | Orc:2    | Found Gutehon's Antique Armour Shop.
 14311 | Orc:2    | Found Nicwioz's Distillery.
 14311 | Orc:2    | Found Soid's Antique Armour Shop.
 14736 | Orc:2    | Killed browni3141's ghost
 14737 | Orc:2    | Reached skill level 14 in Maces & Flails
 14737 | Orc:2    | Reached skill level 10 in Armour
 14853 | Lair:1   | Entered Level 1 of the Lair of Beasts
 16915 | Lair:2   | Found a hole to the Spider Nest.
 17015 | Lair:2   | Received a gift from Trog
 17032 | Lair:2   | Reached skill level 15 in Maces & Flails
 17331 | Lair:2   | Identified the ring of Maqo {Int+6 SInv}
 17962 | Lair:3   | Gained mutation: Your large and strong wings let you fly.
                  | [Gargoyle growth]
 17962 | Lair:3   | Reached XP level 14. HP: 73/88 MP: 14/14
 18360 | Lair:3   | Identified the +9 sling "Vikec" {freeze, rElec}
 18976 | Lair:3   | Found a staircase to the Shoals.
 19273 | Lair:4   | Found a white marble altar of Elyvilon.
 19410 | Lair:4   | Found a viscous altar of Jiyva.
 19410 | Lair:4   | Found a staircase to the Slime Pits.
 20187 | Lair:5   | Entered Level 5 of the Lair of Beasts
 20228 | Lair:5   | Reached skill level 16 in Maces & Flails
 20233 | Lair:5   | Noticed Josephine
 20252 | Lair:5   | Killed Josephine
 20591 | Lair:5   | Noticed Urug
 20607 | Lair:5   | Killed Urug
 22158 | Lair:5   | Reached skill level 10 in Dodging
 22184 | Lair:5   | Reached XP level 15. HP: 56/92 MP: 15/15
 22190 | Lair:5   | Reached skill level 17 in Maces & Flails
 22885 | Lair:5   | Identified the ring "Perghake" {rElec rPois Dex+6 Stlth+}
 23329 | D:12     | Received a gift from Trog
 26447 | D:13     | Reached skill level 18 in Maces & Flails
 26947 | D:13     | Identified the +0 robe of Plog {Str+4 Dex+2}
 27162 | D:13     | Found Zin's Purification Station.
 27166 | D:13     | Found a glowing silver altar of Zin.
 27169 | D:13     | Bought a potion of curing for 90 gold pieces
 27841 | D:14     | Noticed Rupert
 27841 | D:14     | Noticed Nessos
 27841 | D:14     | Found a gate to the Vaults.
 27861 | D:14     | Killed Rupert
 27862 | D:14     | Killed Nessos
 28207 | D:13     | Reached XP level 16. HP: 81/104 MP: 16/16
 29158 | D:14     | Received a gift from Trog
 29452 | D:14     | Found a huge runed gate.
 29452 | D:14     | Found a huge runed gate.
 29452 | D:14     | Found a huge runed gate.
 29453 | D:14     | Found a huge runed gate.
 29453 | D:14     | Found a huge runed gate.
 29454 | D:14     | Found a huge runed gate.
 29454 | D:14     | Found a huge runed gate.
 29454 | D:14     | Found a huge runed gate.
 29455 | D:14     | Found a huge runed gate.
 29456 | D:14     | Found a huge runed gate.
 29457 | D:14     | Found a huge runed gate.
 29458 | D:14     | Found a huge runed gate.
 29459 | D:14     | Found a huge runed gate.
 29467 | D:14     | Found a huge runed gate.
 29467 | D:14     | Found a huge runed gate.
 29467 | D:14     | Found a huge runed gate.
 29467 | D:14     | Found a huge runed gate.
 29467 | D:14     | Found a huge runed gate.
 29468 | D:14     | Found a huge runed gate.
 29469 | D:14     | Found a huge runed gate.
 29470 | D:14     | Found a huge runed gate.
 29471 | D:14     | Found a huge runed gate.
 29495 | D:14     | Found a huge runed gate.
 29495 | D:14     | Found a huge runed gate.
 29495 | D:14     | Found a huge runed gate.
 29495 | D:14     | Found a huge runed gate.
 29495 | D:14     | Found a huge runed gate.
 29495 | D:14     | Found a huge runed gate.
 29496 | D:14     | Found a huge runed gate.
 29588 | D:14     | Found a huge runed gate.
 29588 | D:14     | Found a huge runed gate.
 29588 | D:14     | Found a huge runed gate.
 29589 | D:14     | Found a huge runed gate.
 29591 | D:14     | Found a huge runed gate.
 29592 | D:14     | Found a huge runed gate.
 29600 | D:14     | Found a huge runed gate.
 29605 | D:14     | Noticed a sphinx
 29605 | D:14     | Noticed a storm dragon
 29632 | D:14     | Killed a sphinx
 30303 | D:14     | Reached skill level 19 in Maces & Flails
 30308 | D:14     | Killed a storm dragon
 30572 | D:14     | Killed from afar by a frost giant

Illustrated notes

Levels and vault maps discovered:
D:1:      lemuel_arrival_muddy, layout_basic
D:2:      layout_basic, minmay_tetromino_t2
D:3:      layout_basic, grunt_qazlal_clouds, mainiacjoe_overflow_brackets,
          nicolae_overflow_crystal_walls, nicolae_vehumet_altar_sigil,
          serial_shops, nicolae_square_shop, shop_statue, shop,
          nrook_mini_backslash, minmay_randomly_rotated_circles, uniq_sigmund
D:4:      layout_basic, jmf_multi_god_temple2
D:5:      layout_basic, minmay_temple_entry_mini_moons, due_unseen_surprise
D:6:      layout_loops_ring, xom_confusion_cloud, uniq_grinder,
          uniq_blork_the_orc, uniq_menkaure, uniq_eustachio
D:7:      layout_basic, nicolae_ru_the_path_less_chosen, minmay_crystal_room,
          uniq_duvessa
D:8:      layout_loops_ring, mainiacjoe_overflow_boulevard
D:9:      layout_gridville, lemuel_zombie_altar_yredelemnul, lair_entry_dummy,
          dreamdust_deal_with_the_devil, chequers_garden, uniq_gastronok,
          uniq_joseph
D:10:     layout_grid_maze
D:11:     minmay_thick_lines, layout_loops_ring, erik_orc_4, serial_shops,
          nicolae_diamond_shop, uniq_erolcha
D:12:     nzn_winding_woodlands_stair_trap
          [nzn_winding_woodlands_5x15_lazy_stream,
          nzn_winding_woodlands_5x15_eye, nzn_winding_woodlands_5x15_sidewinder,
          nzn_winding_woodlands_15x15_boxy_spiral,
          nzn_winding_woodlands_5x15_concentric,
          nzn_winding_woodlands_5x15_split_checker,
          nzn_winding_woodlands_5x15_jagged], layout_irregular_city,
          serial_column_ruins, column_ruins_square_medium, column_ruins_grid_1,
          column_ruins_open_small, column_ruins_open_large,
          column_ruins_open_small, column_ruins_open_small
D:13:     layout_basic, serial_ice, serial_ice_d, serial_ice_h, serial_ice_f,
          serial_ice_c, serial_ice_g, zin_purify
D:14:     layout_rooms, david_vaults_3, minmay_misc_feat_secret_circle,
          door_vault
Temple:   nicolae_temple_x_marks_the_god
Lair:1:   layout_regular_city
Lair:2:   layout_cave_pods, spider_nest_entry_a, beast_lair_carwin_7
Lair:3:   dragon1_lemuel, layout_regular_city, shoals_dummy_entry,
          grunt_megastairs_2, lemuel_fruit_fields
Lair:4:   layout_hall_layers, minmay_slime_entry_pillars, basic_altar,
          minivault_26, minivault_19
Lair:5:   evilmike_catoblepas_cave, layout_regular_city, uniq_urug,
          uniq_josephine
Orc:1:    layout_diamond_mine, basic_altar, serial_shops,
          nicolae_shop_advertising_works [nicolae_subvault_shop_adworks]
Orc:2:    st_orc_town, layout_diamond_mine, gammafunk_ghost_split, serial_shops,
          nicolae_lakefront_shop, special_room

Skill      XL: |  1  2  3  4  5  6  7  8  9 10 11 12 13 14 15 16 |
---------------+-------------------------------------------------+-----
Fighting       | 4 5 8 10 13 14 | 14.2
Maces & Flails | 5 6 7 9 10 11 13 15 16 18 19 | 19.0
Armour         | 3 5 9 10 | 10.0
Dodging        | 2 3 5 7 10 | 10.1
Evocations     | 3 5 7 9 10 | 10.0

Action                   |  1- 3 |  4- 6 |  7- 9 | 10-12 | 13-15 | 16-18 || total
-------------------------+-------+-------+-------+-------+-------+-------++-------
Melee: Mace              |   115 |    85 |   149 |   460 |       |       ||   809
       Punch             |     1 |     1 |     1 |     5 |       |       ||     8
       Morningstar       |       |    56 |   128 |       |       |       ||   184
       Great mace        |       |       |       |   218 |  1032 |   121 ||  1371
Throw: Throwing net      |       |       |       |     1 |       |       ||     1
Invok: Berserk           |     1 |     3 |     6 |    13 |    11 |     3 ||    37
       Trog's Hand       |       |       |     1 |     9 |     4 |     2 ||    16
       Brothers in Arms  |       |       |       |       |       |     1 ||     1
Evoke: Wand              |       |       |     3 |     2 |       |     2 ||     7
  Use: Scroll            |     2 |     2 |     1 |    17 |     6 |     6 ||    34
       Potion            |       |     1 |       |       |     5 |     5 ||    11
 Stab: Paralysed         |       |       |     2 |    15 |       |     1 ||    18
       Petrified         |       |       |       |       |     1 |       ||     1
Armor: Leather armour    |     8 |       |       |       |       |       ||     8
       Animal skin       |     3 |       |       |       |       |       ||     3
       Chain mail        |    89 |   128 |   105 |       |    86 |   107 ||   515
       Fire dragon scale |       |       |    38 |   358 |   418 |       ||   814
       Scale mail        |       |       |       |       |   361 |       ||   361
Dodge: Dodged            |    57 |    70 |   151 |   565 |   905 |    57 ||  1805
